Unix NetHack Version 5.0.0-0 post-release - last build May 31 2026 23:59:36 (970b52f25bf058293b47ddfd14a1e40e571c508c,branch:main).

Game began 2026-06-01 06:00:01, ended 2026-06-01 21:35:05.

Eisengrim, chaotic male elven Wizard

  ---...
  |.....
  |.--.-.
---G||...
|.h.||...
|@%-- .<.
----  ...

Eisengrim the Evoker      St:9 Dx:12 Co:14 In:20 Wi:10 Ch:10  Chaotic
Dlvl:3  $:160 HP:0(11) Pw:6(8) AC:9  Xp:1 T:505 

Latest messages:
 You begin to memorize the runes.
 You add the "haste self" spell to your repertoire, as 'c'.
 You stop.  Your kitten is in the way!
 What do you want to drop? [$a-t or ?*]
 You drop a spellbook of haste self.
 Kinojevis offers 150 gold pieces for your spellbook of haste self.  Sell it? [ynaq] (n)
 You sold a spellbook of haste self for 150 gold pieces.
 You see here a ring mail (for sale, 133 zorkmids).
 The kitten picks up a food ration.
 You see here an emerald potion (for sale, 27 zorkmids).
 You see here an orange spellbook (for sale, 400 zorkmids).
 You see here an emerald potion (for sale, 27 zorkmids).
 The kitten drops a food ration.
 You see here a scroll labeled KIRJE (for sale, 80 zorkmids).
 The kitten picks up a dart.
 The door opens.
 Restoring save file...
 Hello Eisengrim, the elven Wizard, welcome back to NetHack!
 You are lucky!  Full moon tonight.
 Where do you want to travel to?
 (For instructions type a '?')
 You descend the stairs.
 You hear crashing rock.
 You hear crashing rock.
 The hobbit shoots a rock!
 You are hit by a rock.
 You hit the hobbit!
 You miss the hobbit.
 The hobbit swings his sling.
 The hobbit hits!
 You kill the hobbit!
 t - an emerald potion.
 There is a hobbit corpse here; eat it? [ynq] (n)
 This hobbit corpse is tough.
 You stop eating the hobbit corpse.
 In what direction?
 The spell misses the dwarf.
 You miss the dwarf.
 You miss the dwarf.
 You hit the dwarf!
 You miss the dwarf.
 You miss the dwarf.
 You miss the dwarf.
 You hit the dwarf.
 You hit the dwarf.
 The dwarf swings her broad pick.
 The dwarf hits!
 You die...
 Do you want your possessions identified? [ynq] (y)
 Do you want to see your attributes? [ynq] (y)

Inventory:
 Coins    ('$')
  $ - 160 gold pieces
 Weapons  (')')
  a - a blessed +1 quarterstaff (weapon in hands)
 Armor    ('[')
  b - an uncursed +0 cloak of magic resistance (being worn)
 Comestibles  ('%')
  s - an uncursed food ration
 Scrolls  ('?')
  i - 2 uncursed scrolls of confuse monster
  j - an uncursed scroll of gold detection
  p - an uncursed scroll of light
 Spellbooks  ('+')
  l - an uncursed spellbook of chain lightning
  k - a blessed spellbook of force bolt
 Potions  ('!')
  h - an uncursed potion of blindness
  f - an uncursed potion of fruit juice
  t - an uncursed potion of healing
  q - an uncursed potion of polymorph
  g - an uncursed potion of restore ability
  r - an uncursed potion of water
 Rings    ('=')
  d - an uncursed +1 ring of adornment
  e - an uncursed ring of conflict
 Wands    ('/')
  c - a wand of speed monster (0:6)
 Tools    ('(')
  n - an uncursed wooden flute
  m - a magic marker (0:19)
 Gems/Stones  ('*')
  o - an uncursed worthless piece of blue glass

Eisengrim the Wizard's attributes:

Background:
 You were an Evoker, a level 1 male elven Wizard.
 You were chaotic, on a mission for Anhur
 who was opposed by Ptah (lawful) and Thoth (neutral).
 You were right-handed.
 You were in the Gnomish Mines, on level 3.
 You entered the dungeon 505 turns ago.
 There was a full moon in effect when your adventure ended.
 You had 13 experience points, 7 more were needed to attain level 2.

Basics:
 You had 0 out of 11 hit points.
 You had 6 out of 8 energy points (spell power).
 Your armor class was 9.
 Your wallet contained 160 zorkmids.
 Autopickup was off.

Final Characteristics:
 Your strength was 9 (limit:18).
 Your dexterity was 12 (limit:18).
 Your constitution was 14 (limit:16).
 Your intelligence was 20 (limit:20).
 Your wisdom was 10 (limit:20).
 Your charisma was 10 (limit:18).

Final Status:
 You weren't hungry.
 You were unencumbered.
 You were wielding a quarterstaff.
 You had basic skill with quarterstaff.

Final Attributes:
 You were fervently aligned.
 You were magic-protected.
 You had infravision.
 You were warded.
 You were lucky.
 You are dead.

Miscellaneous:
 You didn't encounter any bones levels.
 Total elapsed playing time was 23 minutes and 44 seconds.

Major events:
 Turn
    1: Eisengrim the chaotic male elven Wizard entered the dungeon
  472: entered the Gnomish Mines
  505: killed by a dwarf

Spells:
 Name                 Level Category     Fail Retention
 force bolt             1   attack         0%  91%-100%
 chain lightning        2   attack         0%  91%-100%
 haste self             3   escape        71%  76%-100%

Skills:
 Fighting Skills
   bare handed combat [Unskilled]
   riding             [Unskilled]
 Weapon Skills
   dagger             [Unskilled]
   knife              [Unskilled]
   axe                [Unskilled]
   short sword        [Unskilled]
   club               [Unskilled]
   mace               [Unskilled]
   quarterstaff       [Basic]
   polearms           [Unskilled]
   spear              [Unskilled]
   trident            [Unskilled]
   sling              [Unskilled]
   dart               [Unskilled]
   shuriken           [Unskilled]
 Spellcasting Skills
   attack spells      [Basic]
   healing spells     [Unskilled]
   divination spells  [Unskilled]
   enchantment spells [Basic]
   clerical spells    [Unskilled]
   escape spells      [Unskilled]
   matter spells      [Unskilled]

Voluntary challenges:
 Character rerolling was not enabled.
 You were an atheist.
 You never genocided any monsters.
 You never polymorphed an object.
 You never changed form.
 You used no wishes.
Achievements:
 You entered a shop.
 You entered the Gnomish Mines.

 The Dungeons of Doom: levels 1 to 2
    Level 1:
       A fountain.
    Level 2:
       A general store, a fountain.
       Stairs down to The Gnomish Mines.
 The Gnomish Mines:
    Level 3: <- You were here.
       Final resting place for
          you, killed by a dwarf.


Vanquished creatures:
  a hobbit
  4 jackals
  a sewer rat
  a kobold zombie
  a newt
8 creatures vanquished.

No species were genocided or became extinct.

Game over:
                       ----------
                      /          \
                     /    REST    \
                    /      IN      \
                   /     PEACE      \
                  /                  \
                  |    Eisengrim     |
                  |      160 Au      |
                  |   killed by a    |
                  |      dwarf       |
                  |                  |
                  |                  |
                  |       2026       |
                 *|     *  *  *      | *
        _________)/\\_//(\/(/\)/\//\/|_)_______

Goodbye Eisengrim the Wizard...

You died in The Gnomish Mines on dungeon level 3 with 296 points,
and 160 pieces of gold, after 505 moves.
You were level 1 with a maximum of 11 hit points when you died.

